 Dungeon Sprint DCSS version 0.30-a0-272-gf98c3da03f (webtiles) character file.

Game seed: 4040617792619156961

443 Low2 the Cruncher (level 7, 0/76 HPs)
             Began as an Ogre Gladiator on Oct 15, 2022.
             Was an Initiate of Yredelemnul.
             Slain by a slime creature (19 damage)
             ... in the Dungeon (Sprint I: "Red Sonja").
             The game lasted 00:02:50 (398 turns).

Low2 the Cruncher (Ogre Gladiator)                   Turns: 398, Time: 00:02:50

Health: 0/76       AC:  3    Str: 21    XL:     7   Next: 2%
Magic:  7/7        EV: 12    Int:  9    God:    Yredelemnul [......]
Gold:   297        SH:  0    Dex: 10    Spells: 6/6 levels left

rFire   . . .      SeeInvis .    a - +0 quarterstaff
rCold   . . .      Faith    .    (shield currently unavailable)
rNeg    . . .      Spirit   .    b - +0 robe
rPois   .          Reflect  .    c - +0 hat
rElec   .          Harm     .    (no cloak)
rCorr   .          Rampage  .    (gloves unavailable)
Will    .....      NoTele   +    (boots unavailable)
Stlth   +.........               (no amulet)
HPRegen 0.32/turn                (no ring)
MPRegen 0.10/turn                (no ring)

@: no status effects
A: large, unfitting armour, tough skin 1
a: Renounce Religion, Recall Undead Harvest


You were in the Dungeon.
You worshipped Yredelemnul.
Yredelemnul was noncommittal.
You visited 1 branch You collected 297 gold pieces.

Inventory:

Hand Weapons
 a - a +0 quarterstaff (weapon)
Armour
 b - a +0 robe (worn)
 c - a +0 hat (worn)
Wands
 l - a wand of flame (8) (quivered)
Scrolls
 d - a scroll of poison {unknown}
Potions
 h - a potion of haste
 i - 2 potions of magic
 j - a potion of berserk rage


   Skills:
 + Level 6.8 Fighting
 + Level 10.0 Staves
 + Level 5.5 Throwing
 + Level 8.0 Dodging
 + Level 0.5 Stealth


You had 6 spell levels left.
You didn't know any spells.
Your spell library was empty.

Dungeon Overview and Level Annotations

Branches:
Dungeon (1/1)

Altars:
Cheibriados
Dithmenos
Elyvilon
Fedhas
Gozag
Hepliaklqana
Kikubaaqudgha
Makhleb
Nemelex Xobeh
Okawaru
Qazlal
Ru
Sif Muna
Trog
Uskayaw
Vehumet
Wu Jian
Xom
Yredelemnul
Zin
The Shining One
Jiyva
Lugonu

Shops:
D ?


Innate Abilities, Weirdness & Mutations

You are too large for most types of armour.
You have tough skin. (AC +1)


Message History

The slime creature misses you.
You hit the slime creature but do no damage.
The slime creature is lightly wounded.
The slime creature hits you but does no damage.
You hit the slime creature.
The slime creature is lightly wounded.
The slime creature hits you!!
Aiming: Throw Flame
Press: ? - help, Q - select action, (/) - cycle Shift-Dir - straight line, f/p - slime creature
Aim: a slime creature (lightly wounded, 93% to hit)
The puff of flame hits the slime creature.
The slime creature is moderately wounded.
The slime creature hits you.
You feel much better. The slime creature hits you!
You hit the slime creature.
The slime creature is moderately wounded.
The slime creature hits you!
* * * LOW HITPOINT WARNING * * *
Blink to where?
Press: ? - help, Dir - move target, p - slime creature
As you read the scroll of blinking, it crumbles to dust.
You feel better.
Unknown command.
Aiming: Throw Flame
Press: ? - help, Q - select action, (/) - cycle Shift-Dir - straight line, f - slime creature
Aim: a slime creature (lightly wounded, 93% to hit)
The puff of flame hits the slime creature.
The slime creature is moderately wounded.
Aiming: Throw Flame
Press: ? - help, Q - select action, (/) - cycle Shift-Dir - straight line, f/p - slime creature
Aim: a slime creature (moderately wounded, 93% to hit)
The puff of flame hits the slime creature.
The slime creature is moderately wounded.
You sock the slime creature!
The slime creature is heavily wounded.
You sock the slime creature!
The slime creature is severely wounded.
The slime creature hits you!!
You die...
Your body rises from the dead as a mindless zombie.

################ ##
#<.#..').#@J'..#__#
#..').#..').#..'..+
#..#####'#####'#__#
#..####..#...#[# ##
#..#__####..##.#
#..#_____##'#_.+
#⌠⌠#_.∩...'..._#
####_..__##_.#'#
#_____###+#)#


You could see a slime creature.

Vanquished Creatures
  Sigmund (D)
  A yak (D)
  An ogre (D)
  A jelly (D)
  Ijyb (D)
5 creatures vanquished.

Notes
Turn   | Place    | Note
-------+----------+-------------------------------------------
     0 | D        | Low2 the Ogre Gladiator began the quest for the Orb.
     0 | D        | Reached XP level 1. HP: 22/22 MP: 1/1
     2 | D        | Noticed Ijyb
    10 | D        | Killed Ijyb
    11 | D        | Reached skill level 4 in Staves
    11 | D        | Reached XP level 2. HP: 23/31 MP: 2/2
    11 | D        | Reached XP level 3. HP: 28/37 MP: 3/3
    46 | D        | Noticed an ogre
    54 | D        | Killed an ogre
    55 | D        | Reached skill level 6 in Staves
    55 | D        | Reached skill level 5 in Dodging
    55 | D        | Reached XP level 4. HP: 15/49 MP: 4/4
   188 | D        | Noticed Sigmund
   192 | D        | Killed Sigmund
   193 | D        | Reached skill level 5 in Fighting
   193 | D        | Reached skill level 8 in Staves
   193 | D        | Reached XP level 5. HP: 54/59 MP: 5/5
   193 | D        | Reached XP level 6. HP: 61/67 MP: 6/6
   222 | D        | Found an ornate altar of the Wu Jian Council.
   222 | D        | Found a shimmering blue altar of Sif Muna.
   225 | D        | Found a radiant altar of Vehumet.
   231 | D        | Reached skill level 9 in Staves
   262 | D        | Found Vefemodi's Magic Scroll Emporium.
   262 | D        | Found an ancient bone altar of Kikubaaqudgha.
   262 | D        | Found a hazy altar of Hepliaklqana.
   262 | D        | Found a stormy altar of Qazlal.
   262 | D        | Found a hide-covered altar of Uskayaw.
   262 | D        | Found a blossoming altar of Fedhas.
   262 | D        | Found a bloodstained altar of Trog.
   262 | D        | Found an iron altar of Okawaru.
   262 | D        | Found a basalt altar of Yredelemnul.
   262 | D        | Found a glowing golden altar of the Shining One.
   262 | D        | Found a snail-covered altar of Cheibriados.
   262 | D        | Found a sacrificial altar of Ru.
   262 | D        | Found a glowing silver altar of Zin.
   262 | D        | Found a shadowy altar of Dithmenos.
   262 | D        | Found a white marble altar of Elyvilon.
   262 | D        | Noticed a yak
   273 | D        | Killed a yak
   274 | D        | Reached skill level 10 in Staves
   274 | D        | Reached skill level 5 in Throwing
   274 | D        | Reached XP level 7. HP: 52/76 MP: 7/7
   274 | D        | Found an opulent altar of Gozag.
   275 | D        | Found a sparkling altar of Nemelex Xobeh.
   365 | D        | Became a worshipper of Yredelemnul the Dark
   382 | D        | Found a burning altar of Makhleb.
   382 | D        | Found a viscous altar of Jiyva.
   382 | D        | Found a shimmering altar of Xom.
   382 | D        | Found a corrupted altar of Lugonu.
   382 | D        | Noticed a slime creature
   398 | D        | Slain by a slime creature

Illustrated notes

Levels and vault maps discovered:
D:        dungeon_sprint_1 [red_sonja_temple_1, red_sonja_temple_small_1]

Skill      XL: |  1  2  3  4  5  6 |
---------------+-------------------+-----
Fighting       | 3 4 5 6 |  6.8
Staves         | 4 6 8 10 | 10.0
Dodging        | 4 5 7 8 |  8.0
Throwing       | 3 4 5 |  5.5
Stealth        | |  0.5

Action                   |  1- 3 |  4- 6 |  7- 9 || total
-------------------------+-------+-------+-------++-------
Melee: Quarterstaff      |    11 |    14 |     8 ||    33
Throw: Throwing net      |     3 |     2 |       ||     5
       Large rock        |       |     1 |       ||     1
Evoke: Wand              |       |       |     5 ||     5
  Use: Potion            |       |       |     2 ||     2
       Scroll            |       |       |     1 ||     1
Armor: Robe              |       |     1 |     1 ||     2
Dodge: Dodged            |     1 |     6 |     1 ||     8

Table legend: (Time is in decaauts)
 A = Elapsed time spent in this place.
 B = Non-inter-level travel time spent in this place.
 C = Inter-level travel time spent in this place.
 D = Time resting spent in this place.
 E = Time spent auto-exploring this place.
 F = Levels seen in this place.
 G = Mean time per level.
                   A        B        C        D        E       F      G
               +--------+--------+--------+--------+--------+-----+--------+
         Total |    395 |    395 |      0 |    238 |      0 |   1 |  395.0 |
       Dungeon |    395 |    395 |      0 |    238 |      0 |   1 |  395.0 |
               +--------+--------+--------+--------+--------+-----+--------+

Top non-repeatable levels by time:
       D: 395 daAuts
